Map: Nightshade LE

Players

Mavcblack - Winner!

  • Race: Protoss Protoss
  • League: Gold
  • Spawn Location: 5:00

Ratl

  • Race: Protoss Protoss
  • League: Bronze
  • Spawn Location: 11:00

VOD

Have the link to the VOD?

Description

Time

  • Played on: Jan. 9, 2020, 4:51 p.m.
  • Length: 6:30
Show
View Real Time Build Order
Export as new Build Order

Mavcblack Protoss - Winner!

Build Orders:  

Get SALT Encoding   

  12  0:02  Probe  
  13  0:18  Pylon  
  13  0:20  Probe  
  14  0:32  Probe  
  15  0:38  Gateway  
  15  0:44  Probe  
  16  0:51  Assimilator  
  16  0:56  Probe (Chrono Boost)  
  17  1:09  Probe (Chrono Boost)  
  18  1:14  Probe (Chrono Boost), Gateway  
  19  1:23  Probe  
  20  1:30  Assimilator  
  20  1:35  Cybernetics Core  
  20  1:41  Pylon  
  22  1:47  Zealot  
  23  2:01  Probe  
  23  2:11  Warp Gate  
  23  2:13  Probe  
  24  2:16  Twilight Council  
  24  2:20  Gateway  
  24  2:35  Probe  
  25  2:47  Probe  
  25  2:50  Pylon  
  25  2:51  Charge (Chrono Boost)  
  26  2:53  Gateway  
  26  3:02  Zealot  
  28  3:14  Zealot x2  
  28  3:41  Zealot x2 (Chrono Boost)  
  34  3:49  Zealot (Chrono Boost)  
  36  4:09  Zealot  
  38  4:20  Pylon  
  38  4:22  Pylon  
  38  4:27  Zealot  
  38  4:29  Forge  
  38  5:01  Pylon  
  38  5:08  Zealot  
  38  5:10  Zealot  
  38  5:11  Zealot x2  
  44  5:38  Photon Cannon  
  44  5:40  Zealot x3  
  44  5:41  Photon Cannon  
  48  6:05  Zealot  
  48  6:06  Zealot x2  
  54  6:29  Pylon  
Show
View Real Time Build Order
Export as new Build Order

Ratl Protoss 

Build Orders: Double Forge 

Get SALT Encoding   

  12  0:02  Probe  
  13  0:14  Probe  
  14  0:22  Pylon  
  14  0:26  Probe  
  15  0:40  Probe (Chrono Boost)  
  15  0:42  Gateway  
  16  0:50  Assimilator  
  16  0:52  Probe (Chrono Boost)  
  16  0:57  Probe (Chrono Boost)  
  18  1:06  Probe  
  18  1:07  Gateway  
  19  1:19  Probe  
  19  1:24  Assimilator  
  20  1:31  Probe  
  21  1:33  Cybernetics Core  
  21  1:43  Probe  
  22  1:55  Probe  
  23  2:02  Pylon  
  23  2:10  Pylon  
  23  2:18  Warp Gate (Chrono Boost)  
  23  2:20  Probe, Stalker x2  
  28  2:33  Probe  
  29  2:39  Robotics Facility  
  29  2:45  Probe  
  29  2:50  Stalker x2  
  34  2:58  Probe  
  35  3:10  Probe  
  36  3:22  Probe  
  36  3:26  Nexus  
  35  4:03  Probe  
  30  4:18  Warp Prism  
  32  4:28  Forge x2  
  32  4:30  Pylon  
  32  4:32  Gateway  
  32  4:33  Gateway  
  32  4:34  Pylon  
  32  4:46  Stalker x2  
  32  4:50  Pylon  
  32  4:52  Pylon  
  36  4:54  Observer  
  37  5:05  Probe x2  
  39  5:16  Observer  
  39  5:17  Probe x2  
  42  5:24  Stalker  
  44  5:29  Probe x2  
  44  5:33  Stalker x2  
  48  5:41  Stalker  
  42  5:48  Zealot  
  28  5:58  Zealot x2  
  30  6:08  Zealot  
  30  6:09  Zealot  
  25  6:20  Stalker x2  
Tags
 
Matchup
PvP
Spawn Locations
Cross Positions
Add a new tag
Caveats
  • Supply blocks, unpowered buildings, or Contaminate may cause inaccurate times.
  • Supply counts are checked every 10 seconds.